 Dungeon Crawl Stone Soup version 0.29.1-15-g9cfb28693d (webtiles) character file.

Game seed: 13481295713950757839

1509324 roguelike the Executioner (level 27, 266/266 (270) HPs)
             Began as a Minotaur Berserker on Apr 17, 2023.
             Was the Champion of Trog.
             Escaped with the Orb
             ... and 3 runes on Apr 19, 2023!
             The game lasted 16:25:44 (92409 turns).

roguelike the Executioner (Minotaur Berserker)     Turns: 92409, Time: 16:25:44

HP:   266/266 (270) AC: 56    Str: 35    XL:     27
MP:   22/22         EV: 15    Int:  8    God:    Trog [******]
Gold: 3905          SH: 32    Dex: 12    Spells: 26/26 levels left

rFire   + . .      SeeInvis +   Y - +10 broad axe of Royalism {vorpal, rF+ Str-2 Int+4}
rCold   + . .      Faith    .   v - +8 tower shield {reflect}
rNeg    + . .      Spirit   .   Z - +8 crystal plate armour {rC+}
rPois   +          Reflect  +   (helmet restricted)
rElec   +          Harm     .   J - +4 dragonskin cloak
rCorr   +          Rampage  +   e - +3 pair of gauntlets of War {Slay+5}
Will    ++...                   f - +2 pair of boots {rampage}
Stlth   ..........              O - amulet of Vitality {RegenMP++ Regen++}
HPRegen 2.14/turn               H - ring "Hamot" {rF- rN+ rCorr Str+3 SInv}
MPRegen 0.98/turn               R - ring of Xom's Whimsicality {rElec rPois rF+}

@: hasted, lightly drained, very quick
A: horns 2, retaliatory headbutt, iridescent scales 1, deterioration 1, passive
freeze, MP-powered wands
0: Orb of Zot
}: 3/15 runes: decaying, serpentine, silver
a: Renounce Religion, Berserk, Trog's Hand, Brothers in Arms


You escaped.
You worshipped Trog.
Trog was exalted by your worship.
You visited 10 branches of the dungeon, and saw 50 of its levels.
You visited the Abyss 1 time.
You also visited: Ice Cave and Wizlab.

You collected 9021 gold pieces.
You spent 5116 gold pieces at shops.

Inventory:

Hand Weapons
 i - a +1 vorpal mace
 A - a +9 antimagic broad axe
 Y - the +10 broad axe of Royalism (weapon) {vorpal, rF+ Str-2 Int+4}
   (You found it on level 5 of the Lair of Beasts)

   It inflicts extra damage upon your enemies.
   Str:       It affects your strength (-2).
   Int:       It affects your intelligence (+4).
   rF:        It protects you from fire.
Missiles
 a - 8 stones (quivered)
 g - 3 silver javelins
 j - 48 poisoned darts
 p - 5 javelins
 w - 11 boomerangs
 B - 6 curare-tipped darts
 Q - 5 atropa-tipped darts
 X - 12 boomerangs of dispersal
Armour
 e - the +3 pair of gauntlets of War (worn) {Slay+5}
   (You found it on level 5 of the Vaults)

   Slay:      It affects your accuracy & damage with ranged weapons and melee
   (+5).
 f - a +2 pair of boots of rampaging (worn)
 v - a +8 tower shield of reflection (worn)
 J - the +4 dragonskin cloak (worn)
   (You took it off Tiamat on level 2 of the Realm of Zot)

   It grants the wearer a chance to resist fire, cold, poison, electricity,
   acid, and negative energy.
 V - a +2 cloak of willpower
 Z - a +8 crystal plate armour of cold resistance (worn)
Jewellery
 H - the ring "Hamot" (left hand) {rF- rN+ rCorr Str+3 SInv}
   (You found it on level 7 of the Dungeon)

   [ring of resist corrosion]

   Str:       It affects your strength (+3).
   rF:        It makes you vulnerable to fire.
   rN:        It protects you from negative energy.
   SInv:      It lets you see invisible.
   rCorr:     It protects you from acid and corrosion.
 O - the amulet of Vitality (around neck) {RegenMP++ Regen++}
   (You found it on level 3 of the Depths)

   [amulet of magic regeneration]

   It increases your rate of magic regeneration.
   Regen:     It increases your rate of health regeneration.
 R - the ring of Xom's Whimsicality (right hand) {rElec rPois rF+}
   (You found it in an ice cave)

   [ring of protection from fire]

   rF:        It protects you from fire.
   rElec:     It insulates you from electricity.
   rPois:     It protects you from poison.
Wands
 d - a wand of quicksilver (23)
 u - a wand of mindburst (35)
 x - a wand of digging (9)
 G - a wand of polymorph (24)
 M - a wand of iceblast (13)
 S - a wand of flame (95)
 T - a wand of paralysis (37)
Scrolls
 b - 5 scrolls of enchant weapon
 c - 6 scrolls of blinking
 l - 9 scrolls of fear
 o - 8 scrolls of butterflies
 q - 14 scrolls of poison
 t - 5 scrolls of magic mapping
 y - 23 scrolls of teleportation
 I - 3 scrolls of silence
 P - 3 scrolls of summoning
Potions
 k - 3 potions of ambrosia
 m - 13 potions of curing
 n - 4 potions of resistance
 r - 7 potions of might
 s - 2 potions of haste
 C - 7 potions of mutation
 D - 4 potions of cancellation
 E - 10 potions of lignification
 F - 13 potions of heal wounds
 U - 5 potions of invisibility
Miscellaneous
 h - a condenser vane
 z - a tin of tremorstones (2/2)
 K - a lightning rod (4/4)
 L - a phial of floods
 N - a phantom mirror
 W - a box of beasts


   Skills:
 - Level 26.4 Fighting
 - Level 26.4 Axes
 - Level 16.0 Throwing
 - Level 26.0 Armour
 - Level 20.0 Dodging
 + Level 25.9 Shields
 - Level 15.0 Evocations


You had 26 spell levels left.
You didn't know any spells.
Your spell library was empty.

Dungeon Overview and Level Annotations

Branches:
Dungeon (15/15)            Temple (0/1) D:5            Lair (5/5) D:9
  Swamp (4/4) Lair:3        Snake (4/4) Lair:2        Slime (0/5) Lair:4
    Orc (2/2) D:11            Elf (3/3) Orc:2        Vaults (5/5) D:14
  Crypt (3/3) Vaults:2       Tomb (0/3) Crypt:3      Depths (4/4) D:15
    Zot (5/5) Depths:4      IceCv (visited)          WizLab (visited)

Altars:
Ashenzari
Cheibriados
Fedhas
Hepliaklqana
Kikubaaqudgha
Makhleb
Nemelex Xobeh
Ru
Sif Muna
Trog
Uskayaw
Vehumet
Wu Jian
Xom
Yredelemnul
Zin
The Shining One
Lugonu

Shops:
D:5 *   D:8 =   D:11 !   Orc:2 *(=[   Elf:3 ?   Snake:1 [?[[   Vaults:1 =
Vaults:4 *=*::

Portals:
Hell: Depths:1 Depths:2 Depths:3 Depths:4
Abyss: Lair:5 Depths:3
Pandemonium: Depths:2 Depths:4
Ziggurat: Depths:2
Trove: D:11 (give +4 demon trident)

Annotations:
D:10 4 transporters
Lair:3 exclusion: oklob plant
Elf:2 exclusion: orange crystal statue
Depths:2 3 runed translucent doors, p0werm0de's ghost, adept MiFi
Zot:3 3 runed translucent doors, Cyqimiab's ghost, legendary MfGl; TrebMcFLY's ghost, veteran DECj; p0werm0de's ghost, adept MiFi


Innate Abilities, Weirdness & Mutations

You have a pair of horns on your head.
You reflexively headbutt those who attack you in melee.
You are partially covered in iridescent scales. (AC +2)
Your body sometimes deteriorates upon taking damage.
A frigid envelope surrounds you and freezes all who hurt you.
You expend magic power (3 MP) to strengthen your wands.


Message History

What level of the Dungeon? (default 1, ? - help)
You feel the effects of Trog's Hand fading.
Your skin stops crawling.
You feel less strong-willed.
There is a stone staircase leading up here.
You climb upwards.
There is a stone staircase leading down here.
You open the door.
There is an open door here.
There is a stone staircase leading down here.
There is an open door here.
Your extra speed is starting to run out.
There is a stone staircase leading up here.
You climb upwards.
There is a stone staircase leading down here.
You feel yourself slow down.
HP restored.
There is a stone staircase leading up here.
You climb upwards.
There is a stone staircase leading down here.
There is a stone staircase leading up here.
You climb upwards.
There is a stone staircase leading down here.
A reaper comes into view. It is wielding a +1 vampiric scythe.
Press: ? - help, v - describe, . - travel
Here: a reaper, wielding a +1 vampiric scythe The floor.
You feel yourself speed up.
There is an open door here.
There is a stone staircase leading up here.
You climb upwards.
There is a stone staircase leading down here.
(D) Dungeon (T) Temple (L) Lair (S) Swamp (P) Snake Pit (M) Slime Pits (O) Orcish Mines (E) Elven Halls (V) Vaults (C) Crypt (W) Tomb (U) Depths (H) Hell (Z) Zot
Where to? (Enter - D:1 @ (x,y), ? - help)
What level of the Dungeon? (default 1, ? - help)
There is an open door here.
There is a staircase leading out of the dungeon here.
You have escaped!

# ### ##### ###.# ##..## ###
#.).# #...## ### #.# ###.###.#.##
#.### #.# ###.##...#.##
##..####'####..##..#...##
###..'...'..####....####
####.@.#### #...## ##
###..'...'..####...# ##.
##..####'####..##..## #..
#######.### #.# ###.#..# #..
##...#..#### #.#######...# #..
##..........#####..........# ##..
.........................#####..#
#............########....## #...#
.............# ###.....###.#.#


There were no monsters in sight!

Vanquished Creatures
  3 dread liches
  2 ancient liches
  Tiamat (Zot:2)
  6 orbs of fire
  Mennas (Vaults:2)
  Mara (Depths:2)
  The ghost of Flapstick the Slayer, a legendary HaBe of Trog (Zot:4)
  Josephina (Crypt:1)
  Boris (5 times) (Vaults:2 Depths:3 Vaults:3 Vaults:4 Crypt:1)
  3 Killer Klowns (Zot:4)
  Saint Roka (Crypt:2)
  Xtahua (Vaults:2)
  2 caustic shrikes (Depths:2)
  14 golden dragons
  Jory (Vaults:2)
  2 bone dragons
  A profane servitor (Crypt:3)
  A Hellbinder (WizLab)
  Nikola (Swamp:3)
  The ghost of zergursh the Slayer, an adept GrEE of Vehumet (Depths:1)
  3 electric golems (Zot:5)
  18 tentacled monstrosities
  4 hellephants
  26 Orb Guardians
  Zenata (Vaults:2)
  Jorgrun (Snake:3)
  An Ice Fiend (IceCv)
  A walking crystal tome (Depths:2)
  6 titans
  Asterion (D:14)
  6 liches
  6 quicksilver dragons
  A deep elf master archer (Elf:3)
  The ghost of Buem the Warrior, an adept OgAM of Yredelemnul (Swamp:1)
  3 deep elf blademasters
  An ancient champion (Crypt:3)
  A thorn hunter (Swamp:3)
  6 death cobs
  8 shadow dragons
  Kirke (Elf:1)
  6 sphinxes
  6 tengu reavers
  2 fenstrider witches (Swamp:3)
  11 draconian monks
  15 storm dragons
  2 revenants
  8 nagarajas
  11 fire giants
  Donald (Swamp:1)
  8 deep elf sorcerers (Elf:3)
  6 frost giants
  7 draconian knights
  2 orc warlords (Orc:2)
  16 draconian scorchers
  Aizul (Snake:3)
  A curse skull (Crypt:2)
  18 vault wardens
  The ghost of roguelike the Severer, a journeyman HOBe of Trog (Orc:2)
  6 ghost moths
  2 cacodemons
  A juggernaut zombie (Depths:1)
  An iron dragon (Depths:4)
  32 very ugly things
  6 draconian annihilators
  9 draconian stormcallers
  5 deep elf elementalists
  10 ghouls
  23 ironbound preservers
  10 draconian shifters
  17 stone giants
  A demonspawn blood saint (WizLab)
  5 vampire knights
  3 war gargoyles
  3 spriggan defenders
  6 deep elf demonologists
  8 ironbound thunderhulks
  The ghost of p0werm0de the Fighter, a journeyman MiFi of Okawaru (D:13)
  17 black draconians
  20 red draconians
  3 eleionomae
  12 green draconians
  2 lorocyprocas (WizLab)
  2 entropy weavers
  10 bunyips
  14 purple draconians
  An eleionoma (shapeshifter) (Depths:4)
  17 white draconians
  12 yellow draconians
  6 deep elf annihilators
  8 dire elephants
  Snorg (Lair:3)
  2 eidola (Crypt:1)
  15 spark wasps
  8 deep elf death magi
  15 ettins
  3 green deaths
  19 jiangshi
  4 deep elf high priests
  20 yaktaur captains
  7 fire dragons
  Fannar (D:10)
  3 salamander tyrants
  Erolcha (D:10)
  5 rakshasas
  6 great orbs of eyes
  7 spriggan air magi
  5 ogre magi (Vaults:5)
  A boulder beetle (Vaults:4)
  2 peacekeepers
  39 vault guards
  3 ghost crabs
  6 ice dragons
  9 hydras
  16 naga warriors
  13 ironbound frosthearts
  2 hell beasts (WizLab)
  7 two-headed ogres
  9 centaur warriors
  4 anacondas
  5 death knights
  6 hell hogs (Depths:1)
  9 alligators
  12 deep troll earth magi
  4 deep troll shamans
  8 shock serpents
  19 naga sharpshooters
  4 tengu warriors
  5 vampire magi
  7 spriggan berserkers
  34 dancing weapons
  4 thrashing horrors
  5 orc high priests (Orc:2)
  3 soul eaters (WizLab)
  2 sun demons
  17 deep elf knights
  34 skeletal warriors
  Amaemon (D:9)
  4 salamander mystics
  2 shadow wraiths
  A sixfirhy (Abyss:2)
  5 large abominations
  65 deep trolls
  A death drake (Swamp:4)
  5 goliath frogs
  8 iron trolls
  A shadow demon (WizLab)
  11 flayed ghosts
  7 glowing orange brains
  4 swamp dragons
  4 naga ritualists
  17 bog bodies
  A death drake (shapeshifter) (Vaults:5)
  6 spectral hydras (Swamp:4)
  2 spriggan druids
  9 deep elf archers
  31 deep elf pyromancers
  2 obsidian statues
  9 wizards
  29 deep elf zephyrmancers
  A golden dragon skeleton (Depths:1)
  17 spriggan simulacra
  18 ironbound convokers
  6 lindwurms
  19 phantasmal warriors
  12 harpies
  12 mana vipers
  7 necromancers
  48 ugly things
  7 orc sorcerers
  22 moths of wrath
  5 manticores
  A fire giant zombie (Crypt:1)
  7 cyclopes
  8 will-o-the-wisps
  A sphinx skeleton (Crypt:2)
  7 elephants
  19 salamanders
  A moth of wrath (shapeshifter) (Depths:3)
  5 guardian serpents
  2 centaur zombies (D:15)
  5 rust devils
  21 vault sentinels
  39 black mambas
  A stone giant skeleton (Depths:1)
  A guardian serpent (shapeshifter) (Lair:5)
  29 naga magi
  2 apocalypse crabs (Abyss:2)
  4 smoke demons
  A torpor snail (Lair:1)
  An orange demon (D:9)
  An alligator snapping turtle zombie (Crypt:2)
  4 swamp worm zombies (Swamp:4)
  10 cane toads
  3 gargoyles
  2 unseen horrors
  A rime drake (shapeshifter) (Lair:5)
  A centaur skeleton (D:15)
  Maggie (D:7)
  A spectral naga (Crypt:3)
  2 rime drakes
  A black draconian zombie (Crypt:1)
  An efreet (D:14)
  3 komodo dragons
  21 yaktaurs
  3 tormentors (WizLab)
  A komodo dragon (shapeshifter) (Lair:5)
  7 ice devils
  4 ancient zymes
  11 freezing wraiths
  4 hellwings (WizLab)
  2 golden dragon simulacra (IceCv)
  3 red devils
  3 hydra zombies (Swamp:4)
  3 guardian mummies (Crypt:1)
  A spectral harpy (Crypt:3)
  7 tengu conjurers
  5 trolls
  A polar bear (Lair:3)
  13 tyrant leeches
  13 hornets
  A tarantella (shapeshifter) (Vaults:5)
  25 blink frogs
  An iron dragon simulacrum (Crypt:3)
  A snapping turtle (shapeshifter) (Depths:4)
  2 spectral swamp dragons (Swamp:4)
  A centaur simulacrum (Crypt:3)
  A spriggan skeleton (Depths:1)
  5 dream sheep (Lair:5)
  34 slime creatures
  6 alligator zombies (Swamp:4)
  2 shadows
  17 water elementals
  2 dire elephant simulacra (IceCv)
  50 flying skulls
  16 spriggans
  3 air elementals
  6 fire bats (Orc:1)
  3 ynoxinuls
  44 yaks
  2 wyverns
  A vampire (D:9)
  6 wraiths
  Eustachio (D:5)
  A hog (Elf:1)
  10 basilisks
  A wind drake skeleton (Crypt:2)
  2 fire elementals
  6 minotaur simulacra (IceCv)
  2 redbacks (shapeshifter)
  4 chaos spawn
  7 wargs
  10 vampire mosquitoes
  2 neqoxecs
  65 nagas
  4 harpy simulacra
  18 swamp worms
  2 acid dragons
  12 water moccasins
  A hell hound (Abyss:2)
  A fire bat skeleton (Crypt:2)
  3 swamp drakes (Swamp:3)
  5 ice beasts
  2 sky beasts
  A black bear (shapeshifter) (Elf:1)
  A hornet zombie (D:15)
  32 orc warriors
  6 black bears
  A fire dragon simulacrum (Crypt:1)
  13 boggarts
  2 ettin simulacra (IceCv)
  11 ogres
  5 swamp dragon zombies
  2 alligator simulacra (IceCv)
  7 centaurs
  10 wolves (Lair:2)
  2 kobold brigands
  5 phantoms (Swamp:4)
  2 swamp dragon skeletons
  6 necrophages
  2 earth elementals
  8 bullfrogs
  3 gnoll sergeants
  3 scorpions
  5 deep troll simulacra (IceCv)
  A cyclops zombie (Crypt:2)
  A shapeshifter zombie (Crypt:1)
  10 wights
  4 killer bees (D:8)
  6 howler monkeys
  3 human zombies (Crypt:1)
  4 starcursed masses (Abyss:2)
  A quasit (Abyss:2)
  15 small abominations
  A wolf skeleton (Crypt:1)
  3 hounds
  A gnoll bouda (D:4)
  27 orc priests
  10 jellies
  7 iguanas
  36 orc wizards
  A black bear skeleton (Crypt:2)
  9 hell rats (Lair:5)
  3 human skeletons (Crypt:1)
  A tengu skeleton (Crypt:1)
  A mummy (Crypt:1)
  19 gnolls
  12 adders
  9 river rats (Lair:5)
  A shadow imp (D:8)
  A swamp drake skeleton (Crypt:1)
  3 white imps
  An ufetubus (D:4)
  A lava snake zombie (Crypt:2)
  4 worms
  3 dart slugs
  67 orcs
  27 endoplasms
  4 giant cockroaches
  8 goblins
  7 hobgoblins
  4 jackals (D:1)
  4 quokkas
  7 ball pythons
  2 bats (D:2)
  5 frilled lizards
  9 kobolds
  12 rats
  A spectral orc (D:3)
  A plant (Depths:4)
2510 creatures vanquished.

Vanquished Creatures (others)
  A walking earthen tome (Depths:1)
  A draconian knight (Zot:1)
  A draconian annihilator (Zot:3)
  A bunyip (Swamp:4)
  A deep troll earth mage (Vaults:5)
  2 deep elf knights
  A deep elf archer (Elf:1)
  A wizard (Vaults:4)
  A hornet (Swamp:3)
  6 bloated husks
  2 humans (Elf:1)
  An ogre (Vaults:5)
  An orc warrior (Orc:2)
  A bush (D:10)
  40 foxfires
  38 fungi
  A lurking horror (Abyss:2)
  84 plants
  7 starspawn tentacles (Abyss:2)
191 creatures vanquished.

Grand Total: 2701 creatures vanquished

Notes
Turn   | Place    | Note
-------+----------+-------------------------------------------
     0 | D:1      | roguelike the Minotaur Berserker began the quest for the
                  | Orb.
     0 | D:1      | Reached XP level 1. HP: 19/19 MP: 0/0
    77 | D:1      | Reached XP level 2. HP: 26/26 MP: 1/1
   760 | D:2      | Reached skill level 5 in Axes
   769 | D:2      | Reached ** piety under Trog
   775 | D:2      | Reached XP level 3. HP: 30/31 MP: 2/2
   800 | D:2      | Found a bloodstained altar of Trog.
  1165 | D:2      | Reached XP level 4. HP: 16/39 MP: 3/3
  1737 | D:3      | Found a blossoming altar of Fedhas.
  1804 | D:3      | Found an ornate altar of the Wu Jian Council.
  1927 | D:3      | Reached XP level 5. HP: 40/45 MP: 4/4
  1996 | D:3      | Found a faded altar of an unknown god.
  2018 | D:3      | Reached *** piety under Trog
  2286 | D:3      | Found a basalt altar of Yredelemnul.
  2323 | D:4      | Noticed an acid dragon
  2333 | D:4      | Killed an acid dragon
  2334 | D:4      | Reached XP level 6. HP: 51/51 MP: 5/5
  2883 | D:4      | Reached XP level 7. HP: 51/57 MP: 6/6
  2915 | D:4      | You fall into a shaft and drop 2 floors!
  2956 | D:6      | Reached skill level 10 in Axes
  3200 | D:5      | Entered Level 5 of the Dungeon
  3224 | D:5      | Found Qehennet's CLEARANCE SALE!.
  3232 | D:5      | Bought a potion of flight for 18 gold pieces
  3586 | D:5      | Found a glowing golden altar of the Shining One.
  3605 | D:5      | Reached XP level 8. HP: 64/64 MP: 7/7
  3635 | D:5      | Reached **** piety under Trog
  3709 | D:5      | Found a hazy altar of Hepliaklqana.
  4028 | D:5      | Found a staircase to the Ecumenical Temple.
  4277 | D:5      | Noticed Eustachio
  4295 | D:5      | Killed Eustachio
  5559 | D:7      | Reached skill level 5 in Armour
  5559 | D:7      | Reached XP level 9. HP: 35/70 MP: 8/8
  5779 | D:7      | Identified the ring "Hamot" {rF- rN+ rCorr Str+3 SInv}
  5861 | D:7      | Noticed Maggie
  5872 | D:7      | Killed Maggie
  5891 | D:7      | Noticed a moth of wrath
  5894 | D:7      | Found a bloodstained altar of Trog.
  5969 | D:7      | Identified the +9 falchion "Baozileh" {vorpal, Contam Will+
                  | Dex+3}
  6103 | D:7      | Found a glowing silver altar of Zin.
  6216 | D:7      | Reached skill level 10 in Armour
  6658 | D:7      | Found a broken altar of Ashenzari.
  6658 | D:7      | Noticed a gargoyle
  6677 | D:7      | Killed a gargoyle
  6750 | D:7      | Reached ***** piety under Trog
  7070 | D:7      | Reached XP level 10. HP: 55/77 MP: 9/9
  7218 | D:7      | Found an ancient bone altar of Kikubaaqudgha.
  7285 | D:7      | Reached skill level 15 in Axes
  7464 | D:8      | Noticed a two-headed ogre
  7479 | D:8      | Killed a two-headed ogre
  7658 | D:8      | Reached skill level 15 in Armour
  7666 | D:8      | Found Feqin's Jewellery Shop.
  7726 | D:8      | Found a shimmering blue altar of Sif Muna.
  8186 | D:9      | Found a staircase to the Lair.
  8353 | D:9      | Noticed Amaemon
  8353 | D:9      | Noticed an orange demon
  8529 | D:9      | Found a sacrificial altar of Ru.
  8584 | D:9      | Found a sparkling altar of Nemelex Xobeh.
  8739 | D:9      | Killed Amaemon
  8745 | D:9      | Killed an orange demon
  8746 | D:9      | Reached skill level 5 in Fighting
  8933 | D:10     | Entered Level 10 of the Dungeon
  8992 | D:10     | Found a radiant altar of Vehumet.
  8999 | D:10     | Found a snail-covered altar of Cheibriados.
  9016 | D:10     | Noticed Erolcha
  9024 | D:10     | Killed Erolcha
  9025 | D:10     | Reached XP level 11. HP: 52/89 MP: 10/10
  9161 | D:10     | Found a transporter.
  9164 | D:10     | Found a transporter.
  9278 | D:10     | Found a transporter.
  9280 | D:10     | Found a transporter.
  9416 | D:10     | Received a gift from Trog
  9454 | D:10     | Found a burning altar of Makhleb.
  9645 | D:10     | Noticed Fannar
  9655 | D:10     | Killed Fannar
 10073 | D:11     | Found Sonuttus's Distillery.
 10340 | D:11     | Noticed a two-headed ogre
 10357 | D:11     | Noticed a two-headed ogre
 10364 | D:11     | Killed a two-headed ogre
 10368 | D:11     | Killed a two-headed ogre
 10655 | D:11     | Found a staircase to the Orcish Mines.
 10888 | D:11     | Reached skill level 10 in Fighting
 10995 | D:11     | Found a portal to a secret trove of treasure.
 11677 | D:12     | Noticed a two-headed ogre
 11693 | D:12     | Killed a two-headed ogre
 11694 | D:12     | Reached XP level 12. HP: 42/110 MP: 11/11
 12059 | D:12     | Received a gift from Trog
 12235 | Lair:1   | Entered Level 1 of the Lair of Beasts
 12909 | Lair:1   | Identified the +0 helmet of Dishonesty {Rampage rElec rF+
                  | rC+ Stlth-}
 13654 | Lair:2   | Found a staircase to the Snake Pit.
 14779 | Lair:2   | Reached skill level 15 in Fighting
 15190 | Lair:2   | Reached XP level 13. HP: 41/128 MP: 12/12
 15506 | Lair:3   | Noticed Snorg
 15595 | Lair:3   | Killed Snorg
 16200 | Lair:3   | Found a staircase to the Swamp.
 16211 | Lair:3   | Received a gift from Trog
 17163 | Lair:4   | Identified the +0 robe "Raycim" {Drain Fly rElec rC++}
 17265 | Lair:4   | Found a staircase to the Slime Pits.
 17655 | Lair:5   | Entered Level 5 of the Lair of Beasts
 18959 | Lair:5   | Reached XP level 14. HP: 147/147 MP: 13/13
 19106 | Lair:5   | Found a corrupted altar of Lugonu.
 19107 | Lair:5   | Found a one-way gate to the infinite horrors of the Abyss.
 19125 | Lair:5   | Identified the +10 broad axe of Royalism {vorpal, rF+ Str-2
                  | Int+4}
 19369 | Lair:5   | Reached ****** piety under Trog
 19754 | Orc:1    | Entered Level 1 of the Orcish Mines
 19788 | Orc:1    | Reached skill level 1 in Shields
 20446 | Orc:1    | Reached skill level 1 in Throwing
 20482 | Orc:1    | Received a gift from Trog
 20650 | Orc:1    | Reached skill level 1 in Evocations
 20816 | Orc:2    | Entered Level 2 of the Orcish Mines
 21111 | Orc:2    | Noticed an orc warlord
 21125 | Orc:2    | Killed an orc warlord
 21144 | Orc:2    | Received a gift from Trog
 21476 | Orc:2    | Found a runed translucent gate.
 21477 | Orc:2    | Found a runed translucent gate.
 21478 | Orc:2    | Found a runed translucent gate.
 21485 | Orc:2    | Noticed roguelike's ghost (journeyman HOBe)
 21546 | Orc:2    | Noticed an orc warlord
 21567 | Orc:2    | Killed an orc warlord
 21571 | Orc:2    | Reached skill level 5 in Dodging
 21913 | Orc:2    | Reached skill level 5 in Shields
 22158 | Orc:2    | Identified the +2 scimitar "Seonug" {venom, Str-4 Dex+3}
 22351 | Orc:2    | Found Begoh's Weapon Emporium.
 22351 | Orc:2    | Found Bomapt's Antique Armour Shoppe.
 22352 | Orc:2    | Found Xyinulidgh's Jewellery Shoppe.
 22356 | Orc:2    | Found Buxurudd's General Store.
 22434 | Orc:2    | Found a staircase to the Elven Halls.
 22595 | Orc:2    | Bought a smoking plate armour for 896 gold pieces
 22595 | Orc:2    | Identified the +2 plate armour of the Jabberwock {rElec
                  | MP-9 Dex+3 Stlth+} (You bought it in a shop on level 2 of
                  | the Orcish Mines)
 22595 | Orc:2    | Bought a glowing plate armour for 832 gold pieces
 22887 | D:13     | Found a runed translucent door.
 22888 | D:13     | Found a shimmering altar of Xom.
 22888 | D:13     | Noticed p0werm0de's ghost (journeyman MiFi)
 23658 | D:13     | Killed p0werm0de's ghost
 24419 | D:14     | Found a gate to the Vaults.
 24709 | D:14     | Received a gift from Trog
 25273 | D:15     | Entered Level 15 of the Dungeon
 25423 | D:15     | Reached XP level 15. HP: 144/155 MP: 14/14
 26128 | D:15     | Found a staircase to the Depths.
 26369 | D:15     | Found a snail-covered altar of Cheibriados.
 26371 | D:15     | Found a broken altar of Ashenzari.
 26371 | D:15     | Found a hide-covered altar of Uskayaw.
 26373 | D:15     | Found a shimmering altar of Xom.
 26373 | D:15     | Found a shimmering altar of Xom.
 26373 | D:15     | Found a snail-covered altar of Cheibriados.
 26684 | D:11     | Bought a potion of curing for 51 gold pieces
 26784 | Swamp:1  | Entered Level 1 of the Swamp
 26933 | Abyss:2  | Cast into level 2 of the Abyss (spriggan rider)
 27018 | Abyss:2  | Noticed a tentacled starspawn
 27051 | Abyss:2  | Gained mutation: Armour fits poorly on your strangely
                  | shaped body. [a neqoxec]
 27068 | Abyss:2  | Noticed a lich
 27089 | Abyss:2  | Noticed a bone dragon
 27188 | Abyss:2  | Gained mutation: You are frail. (-10% HP) [a neqoxec]
 27236 | Abyss:2  | Noticed a bone dragon
 27251 | Abyss:2  | Noticed a tentacled starspawn
 27390 | Swamp:1  | Escaped the Abyss
 27661 | Lair:3   | Lost mutation: Armour fits poorly on your strangely shaped
                  | body. [potion of mutation]
 27661 | Lair:3   | Lost mutation: You are frail. (-10% HP) [potion of
                  | mutation]
 27661 | Lair:3   | Gained mutation: Your system is resistant to poisons.
                  | (rPois) [potion of mutation]
 27722 | Swamp:1  | Reached skill level 5 in Throwing
 27787 | Swamp:1  | Found a runed translucent door.
 27787 | Swamp:1  | Found a shimmering altar of Xom.
 27787 | Swamp:1  | Noticed Buem's ghost (adept OgAM)
 27976 | Swamp:1  | Received a gift from Trog
 28260 | Swamp:1  | Noticed Donald
 28284 | Swamp:1  | Killed Donald
 29113 | Swamp:1  | Reached skill level 5 in Evocations
 29549 | Swamp:2  | Reached skill level 10 in Shields
 30620 | Swamp:3  | Reached XP level 16. HP: 98/163 MP: 15/15
 30945 | Swamp:3  | Noticed a thorn hunter
 31210 | Swamp:3  | Reached skill level 10 in Dodging
 31317 | Swamp:3  | Killed a thorn hunter
 32384 | Swamp:3  | Noticed a tentacled monstrosity
 32410 | Swamp:3  | Killed a tentacled monstrosity
 32780 | Swamp:3  | Noticed Nikola
 32789 | Swamp:3  | Killed Nikola
 33473 | Swamp:3  | Identified the +7 giant spiked club of Ber Oken {freeze,
                  | rF- rCorr Int+6 Dex+2}
 33732 | Snake:1  | Entered Level 1 of the Snake Pit
 33827 | Snake:1  | Found Cexek's Armour Shop.
 33827 | Snake:1  | Found Ronaf's Magic Scroll Boutique.
 33828 | Snake:1  | Found Goopn's Armour Shop.
 33879 | Snake:1  | Found Fema's Armour Boutique.
 33986 | Snake:1  | Found a shimmering altar of Xom.
 35521 | Snake:1  | Identified the +9 double sword "Saliwisk" {antimagic, rC+++
                  | rN+ Str-4 Dex+4} (Trog gifted it to you on level 1 of the
                  | Snake Pit)
 35521 | Snake:1  | Received a gift from Trog
 35820 | Snake:2  | Reached XP level 17. HP: 154/170 MP: 16/16
 36453 | Snake:2  | Reached skill level 15 in Shields
 38175 | Snake:3  | Reached skill level 10 in Evocations
 38305 | Snake:2  | Received a gift from Trog
 39184 | Snake:3  | Noticed Aizul
 39200 | Snake:3  | Killed Aizul
 39606 | Snake:3  | Noticed Jorgrun
 39616 | Snake:3  | Killed Jorgrun
 40865 | Snake:4  | Entered Level 4 of the Snake Pit
 42206 | Snake:4  | Received a gift from Trog
 42388 | Snake:4  | Reached XP level 18. HP: 159/178 MP: 8/17
 42907 | Snake:4  | Got a serpentine rune of Zot
 43166 | Swamp:4  | Entered Level 4 of the Swamp
 44036 | Swamp:4  | Received a gift from Trog
 45764 | Swamp:4  | Noticed a bone dragon
 45781 | Swamp:4  | Killed a bone dragon
 45836 | Swamp:4  | Got a decaying rune of Zot
 46576 | Swamp:1  | Killed Buem's ghost
 46578 | Swamp:1  | Identified the ring of Zin's Condemnation {Int+5 Dex+4
                  | SInv}
 46802 | Orc:2    | Killed roguelike's ghost
 47030 | Snake:1  | Bought a +2 tower shield of cold resistance for 365 gold
                  | pieces
 47496 | Elf:1    | Entered Level 1 of the Elven Halls
 47932 | Elf:1    | Noticed Kirke
 47965 | Elf:1    | Killed Kirke
 47974 | Elf:1    | Received a gift from Trog
 48146 | Elf:1    | Identified the +2 ring mail of Semosio {Fly}
 48627 | Elf:2    | Found a frozen archway.
 48663 | IceCv    | Entered an ice cave
 49311 | IceCv    | Received a gift from Trog
 49312 | IceCv    | Reached XP level 19. HP: 185/185 MP: 9/18
 49810 | IceCv    | Identified the ring of Xom's Whimsicality {rElec rPois rF+}
 50470 | Elf:2    | Noticed a Brimstone Fiend
 50834 | Elf:2    | Noticed a Brimstone Fiend
 50836 | Elf:2    | Received a gift from Trog
 50886 | Elf:2    | Found a huge runed translucent gate.
 50886 | Elf:2    | Found a huge runed translucent gate.
 50886 | Elf:2    | Found a huge runed translucent gate.
 50886 | Elf:2    | Found a huge runed translucent gate.
 50886 | Elf:2    | Found a huge runed translucent gate.
 52218 | Vaults:1 | Entered Level 1 of the Vaults
 52542 | Vaults:1 | Noticed Asterion
 52973 | D:14     | Killed Asterion
 53347 | D:14     | Reached skill level 10 in Throwing
 53858 | Vaults:1 | Received a gift from Trog
 53922 | Vaults:1 | Found Ocarghaarph's Jewellery Emporium.
 54146 | Vaults:1 | Identified the +2 leather armour of the Moon {Will+ Str+4
                  | Int+5 Dex-5}
 54355 | Vaults:1 | Reached XP level 20. HP: 190/193 MP: 19/19
 55819 | Vaults:2 | Noticed Zenata
 55830 | Vaults:2 | Killed Zenata
 56276 | Vaults:2 | Noticed Jory
 56311 | Vaults:2 | Killed Jory
 56643 | Vaults:2 | Noticed Mennas
 56705 | Vaults:2 | HP: 6/193 [Mennas/+2 sacred scourge of holy wrath (18)]
 56710 | Vaults:2 | HP: 9/193 [Mennas/+2 sacred scourge of holy wrath (11)]
 56725 | Vaults:2 | Killed Mennas
 57398 | Vaults:2 | Noticed Xtahua
 57405 | Vaults:2 | Killed Xtahua
 57412 | Vaults:2 | Received a gift from Trog
 58294 | Vaults:2 | Found a staircase to the Crypt.
 58294 | Vaults:2 | Noticed Boris
 58334 | Vaults:2 | Killed Boris
 59017 | Depths:1 | Entered Level 1 of the Depths
 60206 | Depths:1 | Received a gift from Trog
 60420 | Depths:1 | Identified the +1 robe "Nel Bamm" {Dex+3}
 61042 | Depths:1 | Found a gateway to Hell.
 61070 | Depths:1 | Reached XP level 21. HP: 113/201 MP: 20/20
 61926 | Depths:1 | Found a runed translucent door.
 61927 | Depths:1 | Noticed zergursh's ghost (adept GrEE)
 62689 | Depths:1 | Killed zergursh's ghost
 62781 | Depths:2 | Noticed p0werm0de's ghost (adept MiFi)
 62781 | Depths:2 | Found a runed translucent gate.
 62781 | Depths:2 | Found a runed translucent gate.
 62781 | Depths:2 | Found a runed translucent gate.
 62784 | Depths:2 | Identified the +4 morningstar "Biyrem" {flame, rElec rF-
                  | Int-2 SInv}
 63253 | Depths:2 | Noticed a caustic shrike
 63262 | Depths:2 | Killed a caustic shrike
 63469 | Depths:2 | Received a gift from Trog
 63680 | Depths:2 | Noticed a caustic shrike
 63696 | Depths:2 | Killed a caustic shrike
 64323 | Depths:2 | Found a one-way gate leading to the halls of Pandemonium.
 64330 | Depths:2 | Gained mutation: You occasionally lose the ability to read
                  | scrolls when taking damage. [a cacodemon]
 64334 | Depths:2 | Gained mutation: You occasionally lose the ability to drink
                  | potions when taking damage. [a cacodemon]
 64362 | Depths:1 | Lost mutation: You occasionally lose the ability to drink
                  | potions when taking damage. [potion of mutation]
 64362 | Depths:1 | Lost mutation: You occasionally lose the ability to read
                  | scrolls when taking damage. [potion of mutation]
 64362 | Depths:1 | Gained mutation: You are weak. (Str -2) [potion of
                  | mutation]
 64363 | Depths:1 | Lost mutation: Your system is resistant to poisons. (rPois)
                  | [potion of mutation]
 64363 | Depths:1 | Lost mutation: You are weak. (Str -2) [potion of mutation]
 64363 | Depths:1 | Gained mutation: You sometimes lose your temper in combat.
                  | [potion of mutation]
 64363 | Depths:1 | Gained mutation: You have hidden genetic potential. [potion
                  | of mutation]
 64363 | Depths:1 | Lost mutation: You have hidden genetic potential. [potion
                  | of mutation]
 64379 | Depths:2 | Found a one-way gateway to a ziggurat.
 64473 | Depths:2 | Noticed Mara
 64601 | Depths:2 | Killed Mara
 64781 | Depths:2 | Found a hide-covered altar of Uskayaw.
 65826 | Depths:3 | Noticed a golden dragon
 65826 | Depths:3 | Found the amulet of Vitality {RegenMP++ Regen++}
 65836 | Depths:3 | Killed a golden dragon
 65871 | Depths:3 | Found the +8 Vampire's Tooth {vamp}
 66451 | Depths:3 | Noticed Boris
 66472 | Depths:3 | Killed Boris
 66682 | Depths:3 | Reached XP level 22. HP: 159/211 MP: 21/21
 66890 | Depths:3 | Noticed a golden dragon
 66907 | Depths:3 | Killed a golden dragon
 67481 | Depths:3 | Received a gift from Trog
 67703 | Depths:4 | Entered Level 4 of the Depths
 68018 | Depths:4 | Found a magical portal.
 68027 | WizLab   | Entered The Hall of the Hellbinder
 69001 | WizLab   | Found a burning altar of Makhleb.
 69001 | WizLab   | Identified the +5 great sword of Ash {vorpal, rElec}
 69004 | WizLab   | Found the +6 Majin-Bo {vamp, MP+6 Int+6}
 69129 | WizLab   | Identified the +3 cloak "Doituel" {Fly rPois Int-5 Dex-3}
 69130 | WizLab   | Identified the +3 cloak of Protective Custody {rPois Str-3
                  | Int+3 Slay+3}
 69858 | Depths:4 | Identified the +8 rapier of Omia {freeze, Will+ SInv}
 69864 | Depths:4 | Noticed a golden dragon
 69879 | Depths:4 | Killed a golden dragon
 70177 | Depths:4 | Identified the +8 hand axe of the Hall of Blades {vorpal,
                  | rPois Dex+4} (Trog gifted it to you on level 4 of the
                  | Depths)
 70177 | Depths:4 | Received a gift from Trog
 70434 | Depths:4 | Noticed a golden dragon
 71044 | Depths:4 | Noticed a golden dragon
 71044 | Depths:4 | Noticed a golden dragon
 71066 | Depths:4 | Killed a golden dragon
 71070 | Depths:4 | Killed a golden dragon
 71072 | Depths:4 | Found a gate to the Realm of Zot.
 71827 | Vaults:3 | Noticed Boris
 71839 | Vaults:3 | Killed Boris
 72336 | Vaults:3 | Received a gift from Trog
 72800 | Vaults:3 | Reached XP level 23. HP: 222/222 MP: 22/22
 73630 | Vaults:3 | Identified the +5 falchion "Bicliocs" {vorpal, *Noise rElec
                  | rN+ Str+2}
 73821 | Vaults:4 | Found Tuod's Assorted Antiques.
 73824 | Vaults:4 | Bought a scroll labelled RUESIR QAGOU for 23 gold pieces
 74848 | Vaults:4 | Reached skill level 15 in Dodging
 74866 | Vaults:4 | Found Tirad's Jewellery Shoppe.
 74905 | Vaults:4 | Noticed Boris
 74915 | Vaults:4 | Killed Boris
 74931 | Vaults:4 | Received a gift from Trog
 75143 | Vaults:4 | Found Zaosche's Assorted Antiques.
 75522 | Vaults:4 | Found Wigauw's Book Shoppe.
 75531 | Vaults:4 | Found Fent's Book Boutique.
 75956 | Elf:3    | Entered Level 3 of the Elven Halls
 76013 | Elf:3    | Received a gift from Trog
 76692 | Elf:3    | Identified the ring "Futhrao" {Ice Str+8 Int-4 SInv Stlth-}
 77165 | Elf:3    | Identified the +7 glaive of Lamnibb {flame, Int+4 Dex+4
                  | SInv}
 77216 | Elf:3    | Received a gift from Trog
 77620 | Elf:3    | Found the +6 arbalest "Damnation" {damnation}
 77764 | Elf:3    | Found Qufaz's Magic Scroll Shoppe.
 77867 | Elf:3    | Paralysed by an air elemental for 1 turns
 77872 | Elf:3    | Paralysed by an air elemental for 1 turns
 78101 | Elf:3    | Bought a scroll of summoning for 199 gold pieces
 78101 | Elf:3    | Bought a scroll of teleportation for 63 gold pieces
 78101 | Elf:3    | Bought a scroll of silence for 199 gold pieces
 78101 | Elf:3    | Bought a scroll of enchant armour for 157 gold pieces
 78296 | Elf:3    | Acquired 1144 gold pieces
 79052 | Vaults:5 | Entered Level 5 of the Vaults
 79077 | Vaults:5 | Received a gift from Trog
 79083 | Vaults:5 | Reached XP level 24. HP: 177/234 MP: 22/22
 79301 | Vaults:5 | Received a gift from Trog
 79406 | Vaults:5 | Reached skill level 15 in Throwing
 79480 | Vaults:5 | Identified the +3 ring mail "Cohij" {rC++ rN+}
 79967 | Vaults:5 | Identified the +6 scale mail of Lust {Slay+4}
 80079 | Vaults:5 | Found the +3 pair of gauntlets of War {Slay+5}
 80139 | Vaults:5 | Identified the +0 plate armour of Valour {*Corrode Will+
                  | Int+7}
 80238 | Vaults:5 | Received a gift from Trog
 80682 | Vaults:5 | Got a silver rune of Zot
 80939 | Crypt:1  | Entered Level 1 of the Crypt
 80992 | Crypt:1  | Noticed Boris
 81009 | Crypt:1  | Killed Boris
 81271 | Crypt:1  | Identified the ring "Nainesul" {Ice rPois Str+3 Slay-3
                  | SInv}
 81271 | Crypt:1  | Noticed Josephina
 81290 | Crypt:1  | Killed Josephina
 81318 | Crypt:1  | Received a gift from Trog
 81925 | Crypt:2  | Found an ancient bone altar of Kikubaaqudgha.
 82250 | Crypt:2  | Reached XP level 25. HP: 243/243 MP: 22/22
 82431 | Crypt:2  | Noticed Saint Roka
 82457 | Crypt:2  | Killed Saint Roka
 82500 | Crypt:2  | Identified the +1 helmet of Celemah {rElec Will+ Dex+7
                  | Stlth-}
 82657 | Crypt:3  | Entered Level 3 of the Crypt
 82730 | Crypt:3  | Identified the +1 leather armour of Defiance {rElec rC++
                  | Int-5 Dex+4}
 82744 | Crypt:3  | Identified the +0 broad axe "Firevis" {vorpal, *Noise rN++
                  | rCorr Dex+2} (Trog gifted it to you on level 3 of the
                  | Crypt)
 82744 | Crypt:3  | Received a gift from Trog
 82993 | Crypt:3  | Found a basalt altar of Yredelemnul.
 83323 | Crypt:3  | Received a gift from Trog
 83511 | Crypt:3  | Identified the +7 halberd of Ulad {spect, rF+ rN+ Will+}
 83585 | Crypt:3  | Found a staircase to the Tomb.
 83585 | Crypt:3  | Noticed a dread lich
 83590 | Crypt:3  | Killed a dread lich
 83594 | Crypt:3  | Reached skill level 15 in Evocations
 83866 | Vaults:4 | Bought a wand of paralysis (5) for 492 gold pieces
 83866 | Vaults:4 | Bought a potion of curing for 123 gold pieces
 83866 | Vaults:4 | Bought a wand of flame (9) for 258 gold pieces
 83866 | Vaults:4 | Bought a wand of flame (8) for 229 gold pieces
 84200 | Snake:1  | Bought a scroll of enchant weapon for 105 gold pieces
 84200 | Snake:1  | Bought a scroll of brand weapon for 133 gold pieces
 84200 | Snake:1  | Bought a scroll of enchant armour for 105 gold pieces
 84200 | Snake:1  | Bought a scroll of teleportation for 42 gold pieces
 84378 | Orc:2    | Bought 2 potions of invisibility for 224 gold pieces
 84378 | Orc:2    | Bought a scroll of poison for 56 gold pieces
 84378 | Orc:2    | Bought a wand of flame (12) for 117 gold pieces
 84378 | Orc:2    | Bought 2 potions of attraction for 84 gold pieces
 84378 | Orc:2    | Bought a wand of paralysis (3) for 100 gold pieces
 84378 | Orc:2    | Bought 3 stones for 4 gold pieces
 84534 | Elf:3    | Bought a scroll of enchant weapon for 157 gold pieces
 84534 | Elf:3    | Bought a scroll of butterflies for 84 gold pieces
 84939 | Zot:1    | Entered Level 1 of the Realm of Zot
 84984 | Zot:1    | Noticed an orb of fire
 85022 | Zot:1    | Gained mutation: You occasionally lose the ability to drink
                  | potions when taking damage. [an orb of fire]
 85023 | Zot:1    | Gained mutation: You are frail. (-10% HP) [an orb of fire]
 85027 | Zot:1    | Killed an orb of fire
 85046 | Depths:4 | Lost mutation: You occasionally lose the ability to drink
                  | potions when taking damage. [potion of mutation]
 85046 | Depths:4 | Lost mutation: You are frail. (-10% HP) [potion of
                  | mutation]
 85046 | Depths:4 | Lost mutation: You sometimes lose your temper in combat.
                  | [potion of mutation]
 85046 | Depths:4 | Gained mutation: You are clumsy. (Dex -2) [potion of
                  | mutation]
 85046 | Depths:4 | Gained mutation: A frigid envelope surrounds you and
                  | freezes all who hurt you. [potion of mutation]
 85883 | Zot:2    | Received a gift from Trog
 86085 | Zot:2    | Noticed a Killer Klown
 86149 | Zot:2    | a Killer Klown changed into a titan
 86618 | Zot:2    | Reached XP level 26. HP: 253/254 MP: 22/22
 87458 | Zot:3    | Received a gift from Trog
 87520 | Zot:3    | Found the +4 dragonskin cloak
 87520 | Zot:3    | Noticed Tiamat
 87598 | Zot:2    | Killed Tiamat
 88146 | Zot:3    | Found a runed translucent gate.
 88148 | Zot:3    | Found a runed translucent gate.
 88148 | Zot:3    | Found an ancient bone altar of Kikubaaqudgha.
 88148 | Zot:3    | Found a runed translucent gate.
 88148 | Zot:3    | Noticed a dread lich
 88148 | Zot:3    | Noticed TrebMcFLY's ghost (veteran DECj)
 88148 | Zot:3    | Noticed a dread lich
 88148 | Zot:3    | Noticed Cyqimiab's ghost (legendary MfGl)
 88385 | Zot:3    | Noticed p0werm0de's ghost (adept MiFi)
 88599 | Zot:4    | Identified the +2 ring mail of Dishonour {rCorr}
 88654 | Zot:4    | Found a runed translucent door.
 88655 | Zot:4    | Found a shimmering altar of Xom.
 88655 | Zot:4    | Noticed Flapstick's ghost (legendary HaBe)
 88992 | Zot:4    | Received a gift from Trog
 89466 | Zot:5    | Entered Level 5 of the Realm of Zot
 90142 | Zot:5    | Noticed an orb of fire
 90150 | Zot:5    | Noticed an orb of fire
 90152 | Zot:5    | Noticed an orb of fire
 90156 | Zot:5    | Noticed an orb of fire
 90158 | Zot:5    | Killed an orb of fire
 90165 | Zot:5    | Gained mutation: You are occasionally teleported next to
                  | monsters. [an orb of fire]
 90169 | Zot:5    | Gained mutation: Your body sometimes deteriorates upon
                  | taking damage. [an orb of fire]
 90170 | Zot:5    | Noticed an orb of fire
 90171 | Zot:5    | Noticed an ancient lich
 90172 | Zot:5    | Killed an orb of fire
 90173 | Zot:5    | Gained mutation: Your body often deteriorates upon taking
                  | damage. [an orb of fire]
 90174 | Zot:5    | Killed an orb of fire
 90177 | Zot:5    | Killed an orb of fire
 90387 | Zot:4    | Gained mutation: You occasionally lose the ability to read
                  | scrolls when taking damage. [an orb of fire]
 90392 | Zot:4    | Killed an orb of fire
 90474 | Zot:4    | Killed an ancient lich
 90475 | Zot:4    | Reached XP level 27. HP: 247/266 MP: 22/22
 90540 | Zot:4    | Killed Flapstick's ghost
 90610 | Zot:5    | Noticed a dread lich
 90617 | Zot:5    | Killed a dread lich
 90646 | Zot:4    | Received a gift from Trog
 90713 | Zot:5    | Noticed an ancient lich
 90733 | Zot:5    | Noticed a dread lich
 90734 | Zot:5    | Killed an ancient lich
 90987 | Zot:5    | Lost mutation: You are occasionally teleported next to
                  | monsters. [potion of mutation]
 90987 | Zot:5    | Lost mutation: You occasionally lose the ability to read
                  | scrolls when taking damage. [potion of mutation]
 90987 | Zot:5    | Lost mutation: You are clumsy. (Dex -2) [potion of
                  | mutation]
 90987 | Zot:5    | Gained mutation: Your spells are a little easier to cast,
                  | but a little less powerful. [potion of mutation]
 90987 | Zot:5    | Gained mutation: You have sharp fingernails. [potion of
                  | mutation]
 90987 | Zot:5    | Gained mutation: You are agile. (Dex +4, Str/Int -1)
                  | [potion of mutation]
 90988 | Zot:5    | Lost mutation: Your spells are a little easier to cast, but
                  | a little less powerful. [potion of mutation]
 90988 | Zot:5    | Lost mutation: You have sharp fingernails. [potion of
                  | mutation]
 90988 | Zot:5    | Lost mutation: You are agile. (Dex +4, Str/Int -1) [potion
                  | of mutation]
 90988 | Zot:5    | Gained mutation: Your spells are a little harder to cast,
                  | but a little more powerful. [potion of mutation]
 90988 | Zot:5    | Gained mutation: You are partially covered in iridescent
                  | scales. (AC +2) [potion of mutation]
 90989 | Zot:5    | Lost mutation: Your body often deteriorates upon taking
                  | damage. [potion of mutation]
 90989 | Zot:5    | Lost mutation: Your spells are a little harder to cast, but
                  | a little more powerful. [potion of mutation]
 90989 | Zot:5    | Gained mutation: You expend magic power (3 MP) to
                  | strengthen your wands. [potion of mutation]
 91016 | Zot:5    | Killed a dread lich
 91813 | Zot:5    | Got the Orb of Zot
 92409 | D:$      | Escaped with the Orb!

Illustrated notes

Levels and vault maps discovered:
D:1:      dpeg_arrival_radiant, layout_rooms, hex_intersection
D:2:      layout_basic, basic_altar, patterned_corridor
D:3:      layout_basic, nicolae_wu_jian_wuxing_cycle,
          mainiacjoe_overflow_six_doors_small,
          yredelemnul_forgotten_temple_becter,
          ebering_ecumenical_altar_abandoned
D:4:      minmay_chambers_of_twos, layout_rooms
D:5:      layout_loops_corners, mainiacjoe_overflow_alcove_4,
          mainiacjoe_overflow_alcove_1, minmay_temple_entry_hall,
          nicolae_shop_clearance, uniq_eustachio
D:6:      layout_basic, minmay_manual_maat
D:7:      lemuel_slime, layout_basic, tgw_trog, lemuel_coloured_pillars_altar,
          zin_treasury, mainiacjoe_overflow_brackets, grunt_ministairs_4,
          skrybe_limestone_x, uniq_maggie
D:8:      layout_cave_pools, mainiacjoe_overflow_tiny_flanked, serial_shops,
          kennysheep_mini_moat
D:9:      layout_roguey, lemuel_tele_altar, hangedman_ru_absence,
          dpeg_oklobed_lair, uniq_amaemon
D:10:     layout_roguey, mainiacjoe_overflow_cross_hatched,
          jmf_multi_god_temple, dreamdust_princess_bridge,
          nicolae_transporter_circle, uniq_erolcha, uniq_fannar
D:11:     layout_gridville, david_orc_2, serial_shops,
          nicolae_shop_hallway_plus, nicolae_trove_entry_crystal
D:12:     layout_roguey
D:13:     layout_loops_ring, ebering_ghost_xom
D:14:     layout_long_grid, erik_vaults_1, grunt_decor_fettered,
          nicolae_twisting_strands
D:15:     grunt_enter_depths_magical_seal, layout_long_grid, doesnt_xom_only_xom
Lair:1:   layout_small_grid
Lair:2:   layout_gridlike, minmay_snake_entry_guardpost_medium,
          grunt_megastairs_2
Lair:3:   layout_roguey, skrybe_swamp_entry_bodies, grunt_megastairs_1,
          infiniplex_staircase_pool, uniq_snorg
Lair:4:   layout_misc_corridors, nicolae_slime_entry_slimehenge
Lair:5:   hellmonk_lair_end_abyssal_woods, layout_gridlike, kennysheep_rathole
Swamp:1:  layout_basic_swamp, ebering_ghost_xom, nicolae_swamp_big_swirl,
          infiniplex_staircase_pool_2, uniq_donald
Swamp:2:  layout_basic_swamp, evilmike_swamp_ruin_house_5, swamp_pool5,
          nicolae_swamp_dense_foliage
Swamp:3:  nzn_winding_woodlands_three_and_one
          [nzn_winding_woodlands_5x15_split_checker,
          nzn_winding_woodlands_5x15_sawtooth,
          nzn_winding_woodlands_5x15_crooked,
          nzn_winding_woodlands_center_lodge], layout_basic_swamp,
          nicolae_swamp_decorative_isthmus, swamp_pool3, uniq_nikola
Swamp:4:  swamp_pestilence, layout_basic_swamp
Snake:1:  kennysheep_snake, layout_basic, basic_altar,
          nicolae_snake_coiling_death, minmay_shoptagon
Snake:2:  layout_honeycomb, grunt_megastairs_3
Snake:3:  nicolae_cobra_stairs, layout_cave_town, grunt_megastairs_5,
          uniq_jorgrun, uniq_aizul
Snake:4:  minmay_snake_end_coiled, layout_onion_interference
Orc:1:    layout_diamond_mine, basic_altar, nicolae_orc_lava_tube
Orc:2:    st_orc_mages, layout_caves, gammafunk_ghost_split, elf_legates
Elf:1:    nicolae_elf_arrival_no_cutting_in_line, layout_geoelf_grid,
          hangedman_elven_crosses_minicolossus, lemuel_flamethrower_2,
          uniq_kirke
Elf:2:    elven_hall_of_blades_hangedman_alternative
          [nicolae_blade_entry_sentries_behind_glass], layout_geoelf_octagon,
          portal_ice_cave_entry_pillars_four, minivault_15
Elf:3:    minmay_elf_hall_spiked, layout_gridlike, serial_shops, shop
Vaults:1: dpeg_vaults_monster_box, v_rooms_1, vaults_room_door_ring,
          vaults_room_octagon, nicolae_vaults_triangles,
          nicolae_vaults_what_the_h, vaults_dpeg_ring,
          hangedman_vaults_capsules, vaults_room_stairs_pillars,
          vaults_dpeg_encased_lava, layout_vaults_quadrants, serial_shops,
          nicolae_lakefront_shop, uniq_asterion
Vaults:2: nicolae_vaults_three_branches, v_misc_2,
          vaults_mumra_minichess_inversion, v_misc_26,
          vaults_standard_mumra_enter_the_diamond, grunt_vaults_focal, v_misc_9,
          minmay_crypt_entry_simple_plaza, v_misc_16,
          nicolae_vaults_little_squares_5, nicolae_vaults_little_squares_3,
          grunt_vaults_hallway_long, layout_vaults_omnicross, uniq_zenata,
          uniq_mennas, uniq_jory, uniq_boris, uniq_xtahua
Vaults:3: hangedman_vaults_river_flow, hangedman_vaults_nodes, v_rooms_4,
          nicolae_vaults_big_ls, v_misc_30, nicolae_vaults_network_quinsquares
          [nicolae_vaults_network_quincunx_subvault,
          nicolae_vaults_network_quincunx_subvault,
          nicolae_vaults_network_quincunx_subvault,
          nicolae_vaults_network_quincunx_subvault],
          ontoclasm_vaults_misaligned, vaults_room_large_hall,
          vaults_dpeg_hooks, ontoclasm_vaults_idyll, layout_vaults_big_room
Vaults:4: nicolae_vaults_network_square, st_smaller_cells,
          nicolae_vaults_little_squares_1, v_misc_10, v_misc_1, v_misc_2,
          v_rooms_6, nicolae_vaults_circle_grid_b,
          nicolae_vaults_mini_display_case, layout_vaults_ring, serial_shops,
          nicolae_shop_hallway_stairs, shop, shop, shop, shop
Vaults:5
Crypt:1:  layout_regular_city, grunt_crypt_arrival_guarded_gate, uniq_josephina
Crypt:2:  hangedman_staggered_hall, layout_rooms, minmay_misc_feat_pillars,
          lemuel_statue_altar, uniq_saint_roka, uniq_margery
Crypt:3:  grunt_crypt_end_deaths_head
Depths:1: layout_twisted_cross, minmay_misc_feat_iff, grunt_hell_horde,
          gammafunk_ghost_grave, hangedman_abyss_or_decor_slice, drop_trap,
          minmay_multi_spiral
Depths:2: minmay_dotted_concentric_squares, layout_basic, enter_ziggurat_f,
          biasface_ghost_demon_polymorph, grunt_pan_entry_in_and_out,
          hell_entry, minmay_variable_closet, dancing_weapons_uskayaw, uniq_mara
Depths:3: minmay_tri_box, layout_basic, abyss_entry, minmay_misc_feat_room,
          pf_coc_iceberg, kennysheep_generic_room_11, serial_bayou_shore_a
Depths:4: grunt_zot_entry_gee_three, layout_gridlike,
          infiniplex_enter_wizlab_water, hell_entry, serial_bayou,
          serial_bayou_lake_a, serial_bayou_lagoon_a, serial_bayou_pond_e,
          serial_bayou_shore_b, minmay_misc_feat_plants, pan_entry,
          serial_bayou_shore_b
Zot:1:    layout_basic, grunt_ministairs_8
Zot:2:    layout_cellular_growth
Zot:3:    layout_gridlike, gammafunk_ghost_crypt, uniq_tiamat
Zot:4:    layout_cellular_growth, ebering_ghost_xom
Zot:5:    layout_basic

Skill      XL: |  1  2  3  4  5  6  7  8  9 10 11 12 13 14 15 16 17 18 19 20 21 22 23 24 25 26 27 |
---------------+----------------------------------------------------------------------------------+-----
Axes           | 4 5 6 7 8 9 11 13 14 16 17 18 19 20 21 22 23 25 26 | 26.4
Armour         | 5 12 16 17 18 19 20 22 23 24 26 | 26.0
Fighting       | 6 11 15 19 20 21 22 23 24 25 26 | 26.4
Shields        | 7 10 14 15 17 19 20 22 23 24 25 | 25.9
Throwing       | 3 5 7 9 10 11 12 13 14 15 16 | 16.0
Dodging        | 6 9 10 11 12 14 16 17 19 20 | 20.0
Evocations     | 3 5 7 10 11 12 13 14 15 | 15.0

Action                   |  1- 3 |  4- 6 |  7- 9 | 10-12 | 13-15 | 16-18 | 19-21 | 22-24 | 25-27 || total
-------------------------+-------+-------+-------+-------+-------+-------+-------+-------+-------++-------
Melee: Hand axe          |    88 |    95 |   167 |       |       |       |       |       |       ||   350
       Headbutt          |     4 |    11 |    45 |   107 |   195 |   366 |   375 |   536 |   392 ||  2031
       Punch             |       |       |     6 |     4 |     5 |       |       |       |       ||    15
       War axe           |       |       |   126 |   377 |       |       |       |       |       ||   503
       Battleaxe         |       |       |       |   153 |   316 |   323 |       |       |       ||   792
       Broad axe         |       |       |       |       |   625 |  1048 |  1394 |  1654 |  1229 ||  5950
Throw: Stone             |     4 |    21 |    29 |       |    78 |   152 |    67 |    61 |    48 ||   460
       Boomerang         |       |       |       |       |       |       |   215 |       |    84 ||   299
       Javelin           |       |       |       |       |       |       |       |       |    12 ||    12
Invok: Trog's Hand       |       |     1 |     1 |     4 |    12 |    11 |    18 |    10 |    11 ||    68
       Berserk           |       |     2 |     1 |     5 |     9 |     4 |     3 |       |     1 ||    25
Evoke: Wand              |       |       |       |       |       |       |     6 |       |     4 ||    10
       Condenser vane    |       |       |       |       |       |       |     1 |       |       ||     1
       Phantom mirror    |       |       |       |       |       |       |       |       |     1 ||     1
       Tin of tremorston |       |       |       |       |       |       |       |       |     2 ||     2
  Use: Scroll            |       |       |     5 |    11 |    10 |     6 |     2 |     8 |    15 ||    57
       Potion            |       |       |       |     1 |     5 |     1 |     9 |       |    11 ||    27
 Stab: Distracted        |       |       |       |       |       |       |     1 |       |       ||     1
Armor: Animal skin       |     7 |       |       |       |       |       |       |       |       ||     7
       Ring mail         |    26 |    26 |    66 |    66 |       |       |       |       |       ||   184
       Chain mail        |       |       |       |   159 |   124 |       |       |       |       ||   283
       Plate armour      |       |       |       |       |   388 |   565 |    11 |       |       ||   964
       Crystal plate arm |       |       |       |       |       |       |   628 |   534 |   410 ||  1572
Dodge: Dodged            |    45 |    44 |    84 |   205 |   381 |   419 |   382 |   329 |   276 ||  2165
Block: Buckler           |       |       |       |     3 |    54 |       |       |       |       ||    57
       Other             |       |       |       |       |    56 |       |       |       |       ||    56
       Reflection        |       |       |       |       |     8 |   126 |    42 |    77 |    28 ||   281
       Kite shield       |       |       |       |       |    57 |     3 |       |       |       ||    60
       Tower shield      |       |       |       |       |       |   801 |  1301 |  1265 |  1087 ||  4454
